 Dungeon Crawl Stone Soup version 0.23-a0-164-g7711e57 (webtiles) character file.

229 tsouns the Insei (level 6, 0/38 HPs)
             Began as an Octopode Transmuter on Sept 10, 2018.
             Slain by an orc
             ... wielding a +0 trident
              (6 damage)
             ... on level 3 of the Dungeon.
             The game lasted 00:08:22 (2762 turns).

tsouns the Insei (Octopode Transmuter)              Turns: 2762, Time: 00:08:22

Health: 0/38       AC:  1    Str:  9    XL:     6   Next: 3%
Magic:  10/10      EV: 15    Int: 17    God:
Gold:   165        SH:  0    Dex: 13    Spells: 4/10 levels left

rFire    . . .     SeeInvis .     - Unarmed
rCold    . . .     Gourm    .   (no shield)
rNeg     . . .     Faith    .   (helmet restricted)
rPois    .         Spirit   .   (no amulet)
rElec    .         Reflect  .   g - +2 ring of evasion
rCorr    .         Harm     .   (no ring)
MR       .....                  (no ring)
Stlth    ++........             (no ring)
HPRegen  0.12/turn              (no ring)
MPRegen  0.12/turn              (no ring)
                                (no ring)
                                (no ring)

@: no status effects
A: almost no armour, stealthy swim, amphibious, 8 rings, constrict 8, camouflage
1, gelatinous body 1
a: no special abilities


You were on level 3 of the Dungeon.
You were not hungry.

You visited 1 branch of the dungeon, and saw 3 of its levels.

You collected 165 gold pieces.

Inventory:

Missiles
 a - 42 arrows
 d - 79 stones (quivered)
Jewellery
 g - a +2 ring of evasion (left tentacle)
Scrolls
 e - a scroll of noise {unknown}
 f - 2 scrolls of amnesia {unknown}
 h - a scroll of random uselessness {unknown}
 j - 2 scrolls of magic mapping {unknown}
 k - a scroll of enchant weapon {unknown}
 m - a scroll of remove curse {unknown}
 n - a scroll of enchant armour {unknown}
 p - a scroll of fear {unknown}
 r - 2 scrolls of identify {unknown}
Potions
 b - 5 potions of curing {unknown}
 i - a potion of flight {unknown}
 l - a potion of heal wounds {unknown}
 o - a potion of might {unknown}
Comestibles
 c - 6 rations
 q - 2 chunks of flesh


   Skills:
 - Level 1.0 Fighting
 - Level 2.0 Dodging
 + Level 4.5 Unarmed Combat
 + Level 2.7 Spellcasting
 + Level 3.9 Transmutations
 + Level 2.3 Poison Magic


You had 4 spell levels left.
You knew the following spells:

 Your Spells              Type           Power        Failure   Level  Hunger
a - Beastly Appendage     Tmut           ###...       3%          1    #......
b - Sticks to Snakes      Tmut           ###.....     5%          2    ##.....
c - Spider Form           Tmut/Pois      ##........   16%         3    ###....

Your spell library contained the following spells:

 Spells                   Type           Power        Failure   Level  Hunger
 Ice Form                 Ice/Tmut       #.......     63%         4    #####..
 Blade Hands              Tmut           ###.......   69%         5    ######.


Dungeon Overview and Level Annotations

Branches:
Dungeon (3/15)

Altars:
Elyvilon
Ru


Innate Abilities, Weirdness & Mutations

You cannot wear most types of armour.
You are very stealthy in the water. (Stealth+)
You are amphibious.
You can wear up to eight rings at the same time.
You can use your tentacles to constrict eight enemies at once.
Your skin changes colour to match your surroundings (Stealth+).
Your rubbery body absorbs attacks. (AC +1, EV +1)


Message History

You bludgeon the orc wizard! Your squeeze misses the orc wizard.
The orc wizard is almost dead.
You constrict the orc wizard. The orc wizard closely misses you.
The orc hits you from afar with a trident.
* * * LOW HITPOINT WARNING * * *
You tentacle-slap the orc wizard.
You kill the orc wizard!
You have reached level 6!
Your experience leads to an increase in your attributes!
Increase (S)trength, (I)ntelligence, or (D)exterity?
You feel clever.
The orc hits you from afar with a trident.
* * * LOW HITPOINT WARNING * * *
Your transformation is almost over.
Some of the chunks of flesh in your inventory have rotted away.
Your tentacle spike disappears.
You see here a dagger.
There is a stone staircase leading up here.
The orc hits you from afar with a trident.
You die...

.........#....##.# .....
........##....##.# ..o..
........##....##.# ...!.
#.......##....##.# .....
##+####.##....##.# ...##
..>.....##....##.########
.........'......o........
....##..##......).....##
...####.###.....@.....#
...# #..##...........#
...####............<..+
...+......#...........#
...####...#...........#
..........#.............
......)..################
.........# .......###


You could see an orc.

Vanquished Creatures
  2 orc wizards (D:3)
  Natasha (twice) (D:2)
  4 gnolls (D:2)
  2 adders (D:2)
  An ooze (D:2)
  A dart slug (D:1)
  3 leopard geckos
  An orc (D:3)
  3 ball pythons
  2 giant cockroaches (D:3)
  8 goblins
  7 hobgoblins
  4 jackals (D:1)
  7 bats
  A frilled lizard (D:1)
  6 kobolds
  7 rats
61 creatures vanquished.

Notes
Turn   | Place    | Note
-------+----------+-------------------------------------------
     0 | D:1      | tsouns the Octopode Transmuter began the quest for the Orb.
     0 | D:1      | Reached XP level 1. HP: 13/13 MP: 3/3
   708 | D:1      | Reached XP level 2. HP: 18/18 MP: 3/5
  1252 | D:2      | Reached XP level 3. HP: 22/23 MP: 4/6
  1304 | D:2      | Found a white marble altar of Elyvilon.
  1600 | D:2      | Learned a level 2 spell: Sticks to Snakes
  1604 | D:2      | Learned a level 3 spell: Spider Form
  1624 | D:2      | Reached skill level 4 in Unarmed Combat
  1624 | D:2      | Reached XP level 4. HP: 28/28 MP: 4/7
  1639 | D:2      | HP: 1/28 [gnoll/flail (9)]
  1640 | D:2      | Reached skill level 1 in Poison Magic
  2114 | D:2      | Noticed Natasha
  2129 | D:2      | Killed Natasha
  2129 | D:2      | Reached XP level 5. HP: 20/33 MP: 8/8
  2345 | D:2      | Noticed Natasha
  2352 | D:2      | Killed Natasha
  2482 | D:3      | Found a sacrificial altar of Ru.
  2733 | D:3      | Reached XP level 6. HP: 8/38 MP: 7/10
  2762 | D:3      | Slain by an orc

Vault maps used:
D:1:      minmay_arrival_four_circles, serial_co_window_serial,
          co_window_paths_a, co_window_of_opportunity_a, co_window_paths_b,
          co_window_corner_a, co_window_corner_a, co_window_paths_b,
          co_window_of_opportunity_a, co_window_unsneaky_path_b,
          co_window_cross_4, co_window_corner_cb, co_window_4corner_a,
          co_window_paths_e, glass_columns_a, glass_columns_a, glass_columns_a,
          glass_columns_b
D:2:      lemuel_crystal_altar, uniq_natasha
D:3:      nicolae_ru_great_annihilating_truth, lemuel_doored_altar,
          kennysheep_vampire_church, first_ration, uniq_crazy_yiuf_cottage

Skill      XL: |  1  2  3  4  5 |
---------------+----------------+-----
Transmutations | 3 |  3.9
Unarmed Combat | 4 |  4.5
Poison Magic   | 1 2 |  2.3
Fighting       | |  1.0
Dodging        | |  2.0
Spellcasting   | |  2.7

Action                   |  1- 3 |  4- 6 || total
-------------------------+-------+-------++-------
Melee: Unarmed           |    77 |    74 ||   151
       Constrict         |    20 |    19 ||    39
       Kick              |     7 |    14 ||    21
       Tentacles         |     7 |     8 ||    15
       Punch             |     2 |     2 ||     4
Throw: Stone             |     1 |     4 ||     5
 Cast: Beastly Appendage |    11 |    12 ||    23
 Stab: Sleeping          |     6 |     1 ||     7
       Distracted        |     1 |       ||     1
       Paralysed         |       |     3 ||     3
  Eat: Chunk             |     2 |     4 ||     6
Armor: Skin              |    10 |     6 ||    16
Dodge: Dodged            |    52 |    43 ||    95

Table legend:
 A = Non-vault XP
 B = Vault XP
 C = Vault XP percentage of total XP
 D = Non-vault monster count
 E = Vault monster count
 F = Vault count percentage of total count
                 A         B        C        D         E       F
            +---------+---------+-------+---------+---------+-------
      Total |     249 |      79 |  24.1 |      56 |       5 |   8.2
            +---------+---------+-------+---------+---------+-------
        D:1 |      26 |       0 |   0.0 |      16 |       0 |   0.0
        D:2 |     164 |      35 |  17.6 |      30 |       1 |   3.2
        D:3 |      59 |      44 |  42.7 |      10 |       4 |  28.6
            +---------+---------+-------+---------+---------+-------
